 Dungeon Crawl Stone Soup version 0.27.0-1-g7a089689b8 (webtiles) character file.

Game seed: 3321560664453294466

21 hawla the Conjurer (level 2, 0/16 HPs)
             Began as a Deep Elf Conjurer on Aug 1, 2021.
             Slain by a hobgoblin (4 damage)
             ... led by Robin
             ... on level 2 of the Dungeon.
             The game lasted 00:02:53 (1185 turns).

hawla the Conjurer (Deep Elf Conjurer)              Turns: 1185, Time: 00:02:54

Health: 0/16       AC:  2    Str:  4    XL:     2   Next: 65%
Magic:  8/8        EV: 12    Int: 22    God:
Gold:   39         SH:  0    Dex: 13    Spells: 4/7 levels left

rFire    . . .     SeeInvis .   (no weapon)
rCold    . . .     Faith    .   (no shield)
rNeg     . . .     Spirit   .   a - +0 robe
rPois    .         Reflect  .   (no helmet)
rElec    .         Harm     .   (no cloak)
rCorr    .         Rampage  .   (no gloves)
Will     .....                  (no boots)
Stlth    ++........             (no amulet)
HPRegen  0.05/turn              (no ring)
MPRegen  0.11/turn              (no ring)

@: no status effects
A: no striking features
a: no special abilities


You were on level 2 of the Dungeon.
You visited 1 branch of the dungeon, and saw 2 of its levels.

You collected 39 gold pieces.

Inventory:

Armour
 a - a +0 robe (worn)
Scrolls
 b - a scroll of identify
 c - a scroll of silence
 d - a scroll of magic mapping {unknown}
 e - a scroll of amnesia {unknown}


   Skills:
 - Level 1.0 Fighting
 - Level 2.4 Dodging
 - Level 2.4 Stealth
 - Level 3.0 Spellcasting
 + Level 4.7 Conjurations
 + Level 1.3 Translocations


You had 4 spell levels left.
You knew the following spells:

 Your Spells              Type           Power      Damage    Failure   Level
a - Magic Dart            Conj           96%        1d7       1%          1
b - Searing Ray           Conj           48%        3d5       2%          2

Your spell library contained the following spells:

 Spells                   Type           Power      Damage    Failure   Level
 Dazzling Flash           Conj/Hex       26%        N/A       14%         3
 Iskenderun's Mystic Bla  Conj/Tloc      16%        2d5       34%         4
 Fulminant Prism          Conj/Hex       6%         3d7       43%         4


Dungeon Overview and Level Annotations

Branches:
Dungeon (2/15)

Altars:

Annotations:
D:2 Natasha, Robin


Message History

Aim: a goblin, wielding a +0 dagger (100% to hit)
The magic dart hits the goblin.
The goblin is severely wounded.
The jackal barks!
Robin of the Strong Arm comes into view.
They are wielding a +0 dagger.
A jackal comes into view.
The jackal moves out of view.
Casting: Magic Dart (safe; 1% risk of failure)
Confirm with . or Enter, or press ? or * to list all spells.
Aiming: Searing Ray (safe; 2% risk of failure)
Press: ? - help, Shift-Dir - straight line, f - jackal, p - goblin
Aim: a jackal (moderately wounded, 74% to hit)
The searing ray hits the jackal!
You kill the jackal! (Press . to maintain the ray.)
A goblin comes into view. It is wielding a +0 club.
Robin throws the goblin at you!
You climb upwards.
There is a stone staircase leading down here.
Unknown command.
You start resting.
Magic restored.
You climb downwards.
Level annotation: Natasha, Robin An adder, 2 jackals and a goblin come into view.
The goblin hits you with a +0 dagger.
The jackal bites you but does no damage.
A goblin comes into view. It is wielding a +0 dagger.
The hobgoblin hits you. The goblin hits you with a +0 dagger.
The goblin hits you with a +0 club. The goblin hits you with a +0 dagger.
* * * LOW HITPOINT WARNING * * *
The jackal closely misses you. The jackal barely misses you.
The jackal moves out of view.
There is a stone staircase leading up here.
You aren't carrying any potions.
As you read the scroll labelled MUZEAVV KYSEN, it crumbles to dust.
It is a scroll of identify.
c - a scroll of silence The hobgoblin hits you.
You die...

... ..!....# ..
g... ......#...
.h.g .h..#.#..
.).. .$.....
#S.##....# .
.....)..# ... .
#hg...#....
....##.@g.......
#....hgg.......
......).........
##.†###....[....
... ......###.
#. .#.....# .
..#.....# ..
#####.# ... .#


You could see Robin, an adder (wandering), 4 jackals, a hobgoblin and 4 goblins.

Vanquished Creatures
  A dart slug (D:1)
  3 ball pythons (D:1)
  2 giant cockroaches (D:1)
  2 goblins (D:2)
  4 jackals
  A quokka (D:1)
  2 frilled lizards (D:1)
  A kobold (D:1)
  2 rats (D:1)
18 creatures vanquished.

Notes
Turn   | Place    | Note
-------+----------+-------------------------------------------
     0 | D:1      | hawla the Deep Elf Conjurer began the quest for the Orb.
     0 | D:1      | Reached XP level 1. HP: 10/10 MP: 6/6
   288 | D:1      | Reached XP level 2. HP: 16/16 MP: 6/8
   291 | D:1      | Learned a level 2 spell: Searing Ray
   306 | D:1      | Found a faded altar of an unknown god.
   371 | D:1      | Reached skill level 1 in Translocations
   977 | D:2      | Noticed Natasha
  1132 | D:2      | Reached skill level 1 in Fighting
  1132 | D:2      | Noticed Robin
  1185 | D:2      | Slain by a hobgoblin

Illustrated notes

Levels and vault maps discovered:
D:1:      dpeg_arrival_tiny_c, layout_basic,
          hellmonk_ecumenical_altar_leap_of_faith
D:2:      layout_rooms, serial_bayou_pond_a, kennysheep_generic_room_8,
          uniq_jessica, uniq_robin, uniq_sigmund, uniq_natasha

Skill      XL: |  1  2 |
---------------+-------+-----
Translocations | 1 |  1.3
Fighting       | 1 |  1.0
Dodging        | |  2.4
Stealth        | |  2.4
Spellcasting   | |  3.0
Conjurations   | |  4.7

Action                   || total
-------------------------++-------
 Cast: Magic Dart        ||    28
       Searing Ray       ||     5
  Use: Scroll            ||     2
Armor: Robe              ||     4
Dodge: Dodged            ||    11
